 Dungeon Crawl Stone Soup version 0.25.0-9-g26727b657a (webtiles) character file.

Game seed: 7984436596505332680

2445 Exodus22XD the Poker (level 9, -1/71 HPs)
             Began as a Demonspawn Gladiator on June 20, 2020.
             Was a Follower of Uskayaw.
             Slain by Harold
             ... wielding a +4 long sword of electrocution
              (20 damage)
             ... on level 7 of the Dungeon.
             The game lasted 00:18:28 (10440 turns).

Exodus22XD the Poker (Demonspawn Gladiator)        Turns: 10440, Time: 00:18:36

Health: -1/71      AC: 10    Str: 17    XL:     9   Next: 25%
Magic:  5/9        EV: 11    Int: 10    God:    Uskayaw [*.....]
Gold:   54         SH:  6    Dex: 15    Spells: 8/8 levels left

rFire    + . .     SeeInvis .   a - +0 trident
rCold    . . .     Gourm    .   D - +2 buckler of the Game of Kings {rN++}
rNeg     + + .     Faith    .   m - +0 scale mail
rPois    .         Spirit   .   (helmet restricted)
rElec    .         Reflect  .   l - scarf {repulsion}
rCorr    .         Harm     .   (no gloves)
MR       +....                  F - +0 pair of boots
Stlth    +++.......             (no amulet)
HPRegen  0.21/turn              G - ring of protection from magic
MPRegen  0.11/turn              C - ring of protection from fire

@: marked, starving, repel missiles
A: horns 1, rugged brown scales 2, demonic guardian 1, nightstalker 2
a: Stomp, Renounce Religion


You were on level 7 of the Dungeon.
You worshipped Uskayaw.
Uskayaw was noncommittal.
You were starving.

You visited 2 branches of the dungeon, and saw 8 of its levels.
You also visited: Sewer.

You collected 263 gold pieces.
You spent 209 gold pieces at shops.

Inventory:

Hand Weapons
 a - a +0 trident (weapon)
 x - a +3 quarterstaff of chaos
Missiles
 d - 3 throwing nets (quivered)
Armour
 l - a scarf of repulsion (worn)
 m - a +0 scale mail (worn)
 w - a +0 cloak
 D - the +2 buckler of the Game of Kings (worn) {rN++}
   (You bought it in a shop on level 6 of the Dungeon)

   It greatly protects you from negative energy.
 F - a +0 pair of boots (worn)
Jewellery
 C - a ring of protection from fire (right hand)
 G - a ring of protection from magic (left hand)
Wands
 u - a wand of digging (11)
 y - a wand of iceblast (11)
 E - a wand of polymorph (5)
Scrolls
 b - 2 scrolls of fog {unknown}
 c - 3 scrolls of fear {unknown}
 h - 2 scrolls of remove curse
 i - 3 scrolls of immolation {unknown}
 j - 6 scrolls of identify {unknown}
 k - 5 scrolls of teleportation
 p - 4 scrolls of magic mapping {unknown}
 q - 2 scrolls of amnesia {unknown}
 r - 2 scrolls of enchant weapon {unknown}
 v - 5 scrolls of enchant armour {unknown}
 B - a scroll of blinking {unknown}
Potions
 e - a potion of heal wounds
 g - 4 potions of curing {unknown}
 n - 2 potions of flight {unknown}
 o - a potion of lignification {unknown}
 s - a potion of degeneration {unknown}
 t - 2 potions of magic {unknown}
 z - a potion of stabbing {unknown}
 A - 4 potions of mutation {unknown}
Comestibles
 f - 13 rations


   Skills:
 + Level 5.0 Fighting
 + Level 7.9 Polearms
 + Level 1.8 Throwing
 + Level 5.2 Armour
 + Level 4.0 Dodging
 + Level 3.4 Stealth
 * Level 2.2 Shields
 * Level 0.1 Invocations


You had 8 spell levels left.
You didn't know any spells.
Your spell library contained the following spells:

 Spells                   Type           Power        Failure   Level  Hunger
 Magic Dart               Conj           #...         83%         1    ##.....
 Blink                    Tloc           N/A          92%         2    ###....
 Call Imp                 Summ           #.......     92%         2    ###....
 Searing Ray              Conj           #.....       92%         2    ###....
 Slow                     Hex            #.......     92%         2    ###....
 Conjure Flame            Conj/Fire      #.......     99%         3    ####...
 Dazzling Flash           Conj/Hex       #.....       99%         3    ####...
 Mephitic Cloud           Conj/Pois/Air  #.......     99%         3    ####...
 Fulminant Prism          Conj/Hex       #.........   100%        4    #####..
 Iskenderun's Mystic Bla  Conj/Tloc      #.......     100%        4    #####..


Dungeon Overview and Level Annotations

Branches:
Dungeon (7/15)             Temple (1/1) D:7           Sewer (visited)

Altars:
Ashenzari
Cheibriados
Dithmenos
Elyvilon
Fedhas
Gozag
Hepliaklqana
Kikubaaqudgha
Makhleb
Nemelex Xobeh
Okawaru
Qazlal
Ru
Sif Muna
Trog
Uskayaw
Vehumet
Wu Jian
Xom
Yredelemnul
Zin
The Shining One

Shops:
D:4 [   D:6 }[[

Annotations:
D:7 Harold


Innate Abilities, Weirdness & Mutations

You have a pair of small horns on your head.
You are mostly covered in rugged brown scales. (AC +2, +5% HP)
A weak demonic guardian rushes to your aid.
You are significantly more attuned to the shadows.


Message History

You reach to attack!
You hit Harold.
Harold is severely wounded.
Harold fires a harpoon shot at you.
The harpoon shot is repelled.
You can now pass through a line of other dancers.
Attack whom?
Press: ? - help, Dir - move target cursor, f/p - Harold
Aim: Harold, wielding a +4 long sword of electrocution and wearing a +0 ring mail (severely wounded)
You reach to attack!
You hit Harold.
Harold is severely wounded.
Aiming: Line Pass
Press: ? - help, Dir - move target cursor, p - Harold Harold appears confused.
You are starving!
You can no longer pass through a line of other dancers.
Harold says, "I'm a little confused."
Harold hits you with a +4 long sword of electrocution.
* * * LOW HITPOINT WARNING * * *
You are electrocuted!!
You die...

#.#......)#.# #.#.#######.#
#....y@..<#.# ######
#..y#######.########....####
#...# #.................
#...# #.########........
#...#######.# #..8.8.8.
#..........@###### #..⌠.⌠.⌠.
#########..@...... #........
#.......... ####.>.##
#.......... #...#
#.......... #####
#.......... #..........
#.......... #..........


You could see Harold (confused).

Vanquished Creatures
  3 ice beasts
  A black bear (D:6)
  2 ogres
  2 centaurs (D:5)
  A scorpion (D:5)
  4 killer bees
  A howler monkey (D:6)
  A crimson imp (D:7)
  2 jellies (D:5)
  A centaur skeleton (D:7)
  2 orc priests (D:5)
  A hound (D:5)
  3 orc wizards
  Crazy Yiuf (D:4)
  Ijyb (D:4)
  4 iguanas
  10 worker ants
  A killer bee zombie (D:5)
  8 gnolls
  17 adders
  2 shadow imps
  2 worms (D:2)
  2 dart slugs
  5 leopard geckos
  15 orcs
  8 bats
  4 giant cockroaches
  9 goblins
  7 hobgoblins
  5 quokkas
  5 ball pythons
  8 frilled lizards
  7 kobolds
  10 rats
155 creatures vanquished.

Vanquished Creatures (collateral kills)
  An orc warrior (D:6)
  Purgy (Sewer)
  2 ogres
  A centaur (D:5)
  A gnoll sergeant (D:5)
  A scorpion (D:6)
  3 killer bees
  An orc priest (D:3)
  A centaur skeleton (D:4)
  An orc wizard (D:3)
  2 adders (D:2)
  2 orcs (D:5)
17 creatures vanquished.

Vanquished Creatures (others)
  An orc wizard (D:4)
1 creature vanquished.

Grand Total: 173 creatures vanquished

Notes
Turn   | Place    | Note
-------+----------+-------------------------------------------
     0 | D:1      | Exodus22XD the Demonspawn Gladiator began the quest for the
                  | Orb.
     0 | D:1      | Reached XP level 1. HP: 16/16 MP: 1/1
   181 | D:1      | Reached skill level 3 in Polearms
   224 | D:1      | Gained mutation: You are slightly more attuned to the
                  | shadows. [demonic ancestry]
   224 | D:1      | Reached XP level 2. HP: 22/22 MP: 2/2
   926 | D:2      | Gained mutation: A weak demonic guardian rushes to your
                  | aid. [demonic ancestry]
   926 | D:2      | Reached XP level 3. HP: 23/27 MP: 3/3
  1082 | D:2      | Gained mutation: You have a pair of small horns on your
                  | head. [demonic ancestry]
  1082 | D:2      | Reached XP level 4. HP: 20/33 MP: 4/4
  1252 | D:2      | Reached skill level 1 in Armour
  1519 | D:2      | Reached skill level 1 in Stealth
  1971 | D:3      | Reached skill level 4 in Polearms
  2125 | D:3      | Reached XP level 5. HP: 39/39 MP: 5/5
  2182 | D:3      | Found a glowing drain.
  2188 | Sewer    | Entered a sewer
  2299 | Sewer    | Noticed Purgy
  2342 | Sewer    | Killed Purgy
  2752 | D:3      | Reached skill level 5 in Polearms
  2757 | D:3      | Gained mutation: You are partially covered in rugged brown
                  | scales. (AC +1, +3% HP) [demonic ancestry]
  2757 | D:3      | Reached XP level 6. HP: 21/47 MP: 6/6
  3055 | D:3      | Found a basalt altar of Yredelemnul.
  3055 | D:3      | Found a stormy altar of Qazlal.
  3543 | D:4      | Found a radiant altar of Vehumet.
  4622 | D:4      | Gained mutation: You are significantly more attuned to the
                  | shadows. [demonic ancestry]
  4622 | D:4      | Reached XP level 7. HP: 52/52 MP: 7/7
  4628 | D:4      | Found Fuhy's Armour Boutique.
  4744 | D:4      | Found a runed translucent door.
  4746 | D:4      | Noticed Crazy Yiuf
  4763 | D:4      | Killed Crazy Yiuf
  4957 | D:4      | Noticed Ijyb
  4980 | D:4      | Killed Ijyb
  5485 | D:5      | Entered Level 5 of the Dungeon
  5531 | D:5      | Reached skill level 6 in Polearms
  6351 | D:5      | Reached XP level 8. HP: 33/59 MP: 8/8
  6966 | D:5      | Found an ancient bone altar of Kikubaaqudgha.
  7369 | D:5      | Found a sacrificial altar of Ru.
  7425 | D:5      | Reached skill level 7 in Polearms
  7923 | D:5      | Found a sparkling altar of Nemelex Xobeh.
  8219 | D:6      | Found Wewo's Antique Armour Shop.
  8393 | D:6      | Bought an ichor-stained buckler for 209 gold pieces
  8398 | D:6      | Identified the +2 buckler of the Game of Kings {rN++} (You
                  | bought it in a shop on level 6 of the Dungeon)
  8455 | D:6      | Reached skill level 1 in Shields
  8795 | D:6      | Gained mutation: You are mostly covered in rugged brown
                  | scales. (AC +2, +5% HP) [demonic ancestry]
  8795 | D:6      | Reached XP level 9. HP: 62/69 MP: 9/9
  8856 | D:6      | Found Nyetwe's Antique Armour Shop.
  9214 | D:6      | Found Poroq's Gadget Boutique.
  9264 | D:6      | Reached skill level 5 in Armour
  9474 | D:6      | Found a shimmering blue altar of Sif Muna.
  9703 | D:7      | Noticed Harold
  9960 | D:7      | Found a shattered altar of Ashenzari.
 10012 | D:7      | Found a staircase to the Ecumenical Temple.
 10034 | D:7      | Reached skill level 5 in Fighting
 10042 | Temple   | Entered the Ecumenical Temple
 10290 | Temple   | Became a worshipper of Uskayaw the Reveler
 10414 | D:7      | Reached * piety under Uskayaw
 10428 | D:7      | Reached ** piety under Uskayaw
 10440 | D:7      | Slain by Harold

Illustrated notes

Levels and vault maps discovered:
D:1:      giann_bridges, layout_basic
D:2:      layout_rooms
D:3:      layout_basic, gammafunk_temple_overflow_elements,
          gup_sewer_entry_spiral, wad_orctagon
D:4:      layout_loops_ring, vehumet_crystals, serial_shops, shop, first_ration,
          hangedman_decor_growths, uniq_crazy_yiuf_cottage, uniq_ijyb
D:5:      layout_loops_ring, nicolae_ru_awakened_eye, old_standard_altar,
          nemelex_xobeh_ov_fountains_minmay
D:6:      layout_basic, lemuel_blue_sif_altar, serial_shops, shop,
          nicolae_shop_stone, shop
D:7:      layout_basic, nicolae_overflow_hidden_temple,
          minmay_temple_entry_drinking_statues, uniq_harold
Temple:   eino_temple_lava

Skill      XL: |  1  2  3  4  5  6  7  8  9 |
---------------+----------------------------+-----
Polearms       | 3 4 5 6 7 |  7.9
Dodging        | 3 4 |  4.0
Armour         | 1 2 3 4 5 |  5.2
Stealth        | 1 2 3 |  3.4
Fighting       | 3 4 5 |  5.0
Shields        | 1 2 |  2.2
Throwing       | |  1.8
Invocations    | |  0.1

Action                   |  1- 3 |  4- 6 |  7- 9 || total
-------------------------+-------+-------+-------++-------
Melee: Trident           |    95 |   276 |   378 ||   749
       Headbutt          |       |    40 |    61 ||   101
       Spear             |       |       |    12 ||    12
Invok: Line Pass         |       |       |     1 ||     1
  Use: Scroll            |       |     1 |     3 ||     4
       Potion            |       |       |     2 ||     2
 Stab: Sleeping          |     5 |       |    17 ||    22
       Distracted        |       |     1 |     3 ||     4
  Eat: Chunk             |     1 |     8 |    10 ||    19
       Ration            |       |     1 |     2 ||     3
Armor: Leather armour    |    16 |       |       ||    16
       Scale mail        |    16 |    97 |    94 ||   207
Dodge: Dodged            |    54 |   108 |   158 ||   320
       Repelled          |     1 |     3 |     3 ||     7
Block: Buckler           |       |       |    35 ||    35
